 Dungeon Crawl Stone Soup version 0.28.0-1-gb440e238dd (webtiles) character file.

Game seed: 3126872293329255730

60 PoweredByGinger the Shield-Bearer (level 3, -9/31 HPs)
             Began as a Minotaur Fighter on Feb 19, 2022.
             Killed by divine providence
             ... invoked by an orc priest
              (15 damage)
             ... on level 3 of the Dungeon.
             The game lasted 00:01:36 (1829 turns).

PoweredByGinger the Shield-Bearer (MiFi)            Turns: 1829, Time: 00:01:36

Health: -9/31      AC:  6    Str: 22    XL:     3   Next: 82%
Magic:  2/2        EV:  9    Int:  5    God:
Gold:   109        SH:  0    Dex:  9    Spells: 2/2 levels left

rFire   . . .      SeeInvis .   a - +0 war axe
rCold   . . .      Faith    .   (no shield)
rNeg    . . .      Spirit   .   b - +0 scale mail
rPois   +          Reflect  .   (helmet restricted)
rElec   .          Harm     .   (no cloak)
rCorr   .          Rampage  .   (no gloves)
Will    .....                   (no boots)
Stlth   ..........              (no amulet)
HPRegen 0.10/turn               h - ring of poison resistance
MPRegen 0.08/turn               (no ring)

@: studying Unarmed Combat
A: horns 2, retaliatory headbutt
a: no special abilities


You were on level 3 of the Dungeon.
You visited 1 branch of the dungeon, and saw 3 of its levels.

You collected 109 gold pieces.

Inventory:

Hand Weapons
 a - a +0 war axe (weapon)
Missiles
 m - 2 poisoned darts (quivered)
Armour
 b - a +0 scale mail (worn)
 c - a +0 buckler
Jewellery
 h - a ring of poison resistance (left hand)
Wands
 n - a wand of digging (5)
Scrolls
 f - a scroll of immolation {unknown}
 g - a scroll of acquirement {unknown}
 i - a scroll of blinking {unknown}
 k - a scroll of noise {unknown}
 l - 3 scrolls of identify {unknown}
 o - a scroll of magic mapping {unknown}
Potions
 d - 2 potions of might
 e - 2 potions of curing {unknown}
 j - a potion of flight {unknown}


   Skills:
 - Level 3.6 Fighting
 + Level 4.2 Axes
 - Level 3.6 Armour
 - Level 4.6 Shields


You had 2 spell levels left.
You didn't know any spells.
Your spell library contained the following spells:

 Spells                   Type           Power      Damage    Failure   Level
 Tukima's Dance           Hex            0%         N/A       99%         3
 Anguish                  Hex/Necr       0%         N/A       100%        4
 Enfeeble                 Hex            0%         N/A       100%        7


Dungeon Overview and Level Annotations

Branches:
Dungeon (3/15)

Altars:


Innate Abilities, Weirdness & Mutations

You have a pair of horns on your head.
You reflexively headbutt those who attack you in melee.


Message History

You kill the orc!
You barely miss the orc.
The orc priest looks encouraged for a moment.
The orc hits you but does no damage.
You barely miss the orc. You headbutt the orc, but do no damage.
The orc hits you with a +0 club. The orc hits you but does no damage.
The orc priest hits you from afar with a +0 trident.
You barely miss the orc. Your headbutt misses the orc.
The orc priest completely misses you. The orc hits you but does no damage.
The orc priest hits you from afar with a +0 trident.
The orc hits you but does no damage.
You climb upwards.
There is a stone staircase leading down here.
You closely miss the orc. You headbutt the orc!
You kill the orc!
No target in view!
No target in view!
You start resting.
HP restored.
You climb downwards.
The orc hits you but does no damage. The orc hits you with a +0 hand axe.
There is a stone staircase leading up here.
You slash the orc!
You kill the orc!
The orc priest hits you but does no damage.
The orc priest hits you with a +0 trident!
Things that are here:
2 boomerangs; a +0 war axe You completely miss the orc priest.
The orc priest calls down the wrath of Beogh upon you.
Beogh smites you!
* * * LOW HITPOINT WARNING * * *
You are too injured to fight recklessly!
You are too injured to fight recklessly!
You are too injured to fight recklessly!
You hit the orc priest.
The orc priest is moderately wounded.
The orc priest invokes the aid of Beogh against you.
Beogh smites you!
You die...

..####...
#.o..o.o.
#.o..o... #o#
#.# #.# #
###.#######
#.##.o........
#...@#....####
####<......<#
##)......#
##.......#
#.......##
.....#.....#
####...###(#
##.## #(#
#......#


You could see an orc priest.

Vanquished Creatures
  3 worms (D:2)
  A dart slug (D:1)
  3 orcs
  4 ball pythons
  4 endoplasms
  A giant cockroach (D:1)
  6 goblins
  2 hobgoblins (D:1)
  3 jackals (D:1)
  A quokka (D:1)
  6 bats
  2 frilled lizards (D:2)
  5 kobolds
  3 rats
44 creatures vanquished.

Notes
Turn   | Place    | Note
-------+----------+-------------------------------------------
     0 | D:1      | PoweredByGinger the Minotaur Fighter began the quest for
                  | the Orb.
     0 | D:1      | Reached XP level 1. HP: 19/19 MP: 0/0
    59 | D:1      | Reached XP level 2. HP: 25/26 MP: 1/1
   536 | D:1      | Reached XP level 3. HP: 31/31 MP: 2/2
  1829 | D:3      | Killed from afar by an orc priest

Illustrated notes

Levels and vault maps discovered:
D:1:      dpeg_arrival_tiny_a, layout_rooms, minmay_misc_feat_plants
D:2:      layout_basic, serial_corexii_hall, chequers_hall_statues_corner_a,
          corexii_hall_statues_i, minmay_misc_feat_enclosed
D:3:      layout_loops_ring, serial_shops, nicolae_shop_bloodbath_and_beyond,
          st_stairs_7

Skill      XL: |  1  2  3 |
---------------+----------+-----
Shields        | 4 |  4.6
Axes           | 3 4 |  4.2
Fighting       | |  3.6
Armour         | |  3.6

Action                   || total
-------------------------++-------
Melee: War axe           ||    81
       Headbutt          ||     9
Armor: Scale mail        ||    49
Dodge: Dodged            ||    41
Block: Buckler           ||    14
